 Dungeon Crawl Stone Soup version 0.31.0-12-g77e489cdc1 (webtiles) character file.

Game seed: 8216133484674926476

35 McKennaii the Conjurer (level 3, -1/26 HPs)
             Began as a Demigod Conjurer on Feb 25, 2024.
             Slain by Robin
             ... wielding a +0 whip
              (4 damage)
             ... on level 2 of the Dungeon.
             The game lasted 00:02:18 (1616 turns).

McKennaii the Conjurer (Demigod Conjurer)           Turns: 1616, Time: 00:02:19

Health: -1/26      AC:  3    Str:  6 (8)  XL:     3   Next: 4%
Magic:  1/9        EV: 12    Int: 22 (24) God:
Gold:   132        SH:  0    Dex: 11 (12) Spells: 4/7 levels left

rFire   . . .        (no weapon)
rCold   . . .        (no shield)
rNeg    . . .        a - +0 robe
rPois   .            d - +0 helmet
rElec   .            e - scarf {shadows}
rCorr   .            (no gloves)
SInv    .            (no boots)
Will    .....        (no amulet)
Stlth   ++           (no ring)
HPRegen 0.24/turn    (no ring)
MPRegen 0.11/turn

%: no passive effects
@: no status effects
A: high MP 1, forlorn, divine attributes
a: no special abilities


You were on level 2 of the Dungeon.
You visited 1 branch of the dungeon, and saw 2 of its levels.

You collected 132 gold pieces.

Inventory:

Armour
 a - a +0 robe (worn)
 d - a +0 helmet (worn)
 e - a scarf of shadows (worn)
Scrolls
 f - 2 scrolls of amnesia {unknown}
 g - a scroll of noise {unknown}
 i - a scroll of acquirement {unknown}
 k - a scroll of revelation {unknown}
Potions
 b - 2 potions of magic
 c - a potion of degeneration


   Skills:
 - Level 1.7 Dodging
 - Level 1.7 Stealth
 + Level 2.5 Spellcasting
 + Level 4.1 Conjurations


You had 4 spell levels left.
You knew the following spells:

 Your Spells              Type           Power      Damage    Failure   Level
a - Magic Dart            Conj           84%        1d7       2%          1
b - Searing Ray           Conj           42%        2d6       3%          2

Your spell library contained the following spells:

 Spells                   Type           Power      Damage    Failure   Level
 Momentum Strike          Conj/Tloc      22%        3d8       9%          2
 Blink                    Tloc           4%         N/A       21%         2
 Lesser Beckoning         Tloc           4%         N/A       21%         2
 Fulminant Prism          Conj/Alch      5%         3d7       50%         4
 Iskenderun's Mystic Bla  Conj/Tloc      11%        2d4       50%         4


Dungeon Overview and Level Annotations

Branches:
Dungeon (2/15)

Annotations:
D:1 2 runed translucent doors
D:2 Robin


Innate Abilities, Weirdness & Mutations

You have an increased reservoir of magic. (+10% MP)
You shall have no god before yourself.
Your divine heritage dramatically boosts your attributes as you level up.


Message History

Robin laughs in a distinctly smug fashion.
It was a potion of curing.
You feel better. The goblin barely misses you. Robin hits you with a +0 whip.
You hit Robin but do no damage.
Robin is moderately wounded.
The goblin hits you with a +0 club.
Robin's horned helmet rattles.
Robin closely misses you.
You closely miss Robin.
Robin is moderately wounded.
The goblin misses you. Robin hits you with a +0 whip.
You hit Robin but do no damage.
Robin is moderately wounded.
The goblin closely misses you. Robin hits you with a +0 whip.
A goblin comes into view. It is wielding a +0 club.
You hit Robin but do no damage.
Robin is moderately wounded.
The goblin no longer looks unusually strong.
The goblin misses you. Robin barely misses you.
You hit Robin. Your punch misses Robin.
Robin is heavily wounded.
The goblin no longer looks unusually strong.
The goblin hits you with a +0 club. Robin closely misses you.
You hit Robin but do no damage.
Robin is heavily wounded.
The goblin barely misses you. Robin barely misses you.
You hit Robin but do no damage.
Robin is heavily wounded.
The goblin barely misses you. Robin closely misses you.
You closely miss Robin.
Robin is heavily wounded.
The goblin hits you with a +0 club. Robin hits you with a +0 whip.
* * * LOW HITPOINT WARNING * * *
You hit Robin.
Robin is heavily wounded.
The goblin hits you with a +0 club.
* * * LOW HITPOINT WARNING * * *
Robin hits you with a +0 whip.
You die...
Robin calls out, "Let's celebrate!
Time for a feast!"

#.# #.##† #.# #....
#.# #g #.# #. #.# #.
#.# #. #.# #.
#.#################.
#gg@gg)...#...g..g..
#########.#g########
#.#g# #g#.# #.g.#
#####


You could see Robin and 3 goblins.

Vanquished Creatures
  A ribbon worm (D:2)
  A ball python (D:1)
  5 bats (D:1)
  An endoplasm (D:1)
  A giant cockroach (D:1)
  6 goblins
  7 hobgoblins
  A frilled lizard (D:1)
  2 kobolds (D:1)
  4 rats (D:1)
29 creatures vanquished.

Notes
Turn   | Place    | Note
-------+----------+-------------------------------------------
     0 | D:1      | McKennaii the Demigod Conjurer began the quest for the Orb.
     0 | D:1      | Reached XP level 1. HP: 14/14 MP: 5/5
   169 | D:1      | Found a large runed translucent door.
   169 | D:1      | Found a large runed translucent door.
   170 | D:1      | Noticed a troll
   494 | D:1      | Reached XP level 2. HP: 20/20 MP: 3/7
   497 | D:1      | Learned a level 2 spell: Searing Ray
   856 | D:1      | Reached skill level 4 in Conjurations
  1574 | D:2      | Noticed Robin
  1601 | D:2      | Reached XP level 3. HP: 8/26 MP: 1/9
  1616 | D:2      | Slain by Robin

Illustrated notes

Levels and vault maps discovered:
D:1:      erik_arrival_cave_to_civilisation [erik_arrival_cave_to_temple],
          layout_loops_ring, st_stairs_6, minmay_misc_feat_tower,
          minmay_small_reverse_x
D:2:      layout_loops_ring, basic_ecumenical_altar, uniq_natasha, uniq_robin

Skill      XL: |  1  2 |
---------------+-------+-----
Spellcasting   | 2 |  2.5
Conjurations   | 4 |  4.1
Dodging        | |  1.7
Stealth        | |  1.7

Action                     || total
---------------------------++-------
  Melee: Unarmed           ||    12
   Cast: Magic Dart        ||    42
         Searing Ray       ||     3
    Use: Potion            ||     3
 Armour: Robe              ||    28
  Dodge: Dodged            ||    25
